 Dungeon Crawl Stone Soup version 0.30-a0-583-g19bae12e61 (webtiles) character file.

Game seed: 502522340727716657

8 Citaku the Charlatan (level 2, 0/21 HPs)
             Began as a Human Wanderer on Jan 1, 2023.
             Slain by a jackal (1 damage)
             ... on level 1 of the Dungeon.
             The game lasted 00:00:53 (286 turns).

Citaku the Charlatan (Human Wanderer)                Turns: 286, Time: 00:00:53

Health: 0/21       AC:  3    Str:  9 (11) XL:     2   Next: 15%
Magic:  3/3        EV:  8    Int: 11 (14) God:
Gold:   0          SH:  0    Dex:  9 (11) Spells: 2/3 levels left

rFire   . . .      SeeInvis .    a - +0 club
rCold   . . .      Faith    .    (no shield)
rNeg    . . .      Spirit   .    d - +0 robe
rPois   .          Reflect  .    b - +0 helmet
rElec   .          Harm     .    (no cloak)
rCorr   .          Rampage  .    (no gloves)
Will    .....                    (no boots)
Stlth   +                        (no amulet)
HPRegen 0.23/turn                (no ring)
MPRegen 0.08/turn                (no ring)

@: brilliant, constricted
A: no striking features
a: no special abilities


You were on level 1 of the Dungeon.
You visited 1 branch of the dungeon, and saw 1 of its levels.

Inventory:

Hand Weapons
 a - a +0 club (weapon)
Armour
 b - a +0 helmet (worn)
 d - a +0 robe (worn)
Wands
 e - a wand of mindburst (10)
Scrolls
 g - a scroll of noise {unknown}


   Skills:
 + Level 1.0 Fighting
 + Level 1.0 Stealth
 + Level 1.0 Spellcasting
 + Level 2.0 Transmutations
 + Level 1.0 Invocations
 + Level 4.4 Evocations


You had 2 spell levels left.
You knew the following spells:

 Your Spells              Type           Power      Damage    Failure   Level
a - Beastly Appendage     Tmut           14%        N/A       14%         1

Your spell library contained the following spells:

 Spells                   Type           Power      Damage    Failure   Level
 Ignite Poison            Fire/Tmut/Pois 3%         N/A       58%         3


Dungeon Overview and Level Annotations

Branches:
Dungeon (1/15)

Altars:


Message History

The jackal bites you but does no damage.
The jackal barely misses you. The ball python bites you.
The ball python constricts you.
The jackal bites you but does no damage.
The jackal closely misses you.
You closely miss the jackal.
The jackal is almost dead.
The ball python barely misses you. The ball python constricts you.
The jackal barely misses you. The jackal bites you.
The ball python bites you but does no damage.
The ball python constricts you. The jackal bites you. x2
* * * LOW HITPOINT WARNING * * *
You hit the jackal.
You kill the jackal!
The jackal barely misses you. The ball python barely misses you.
The ball python constricts you. The jackal bites you.
* * * LOW HITPOINT WARNING * * *
The ball python bites you.
* * * LOW HITPOINT WARNING * * *
The ball python constricts you.
There are monsters nearby!
It was a potion of degeneration.
There was something very wrong with that liquid.
You feel weakened.
You feel dopey.
You feel clumsy. The jackal barely misses you.
The ball python bites you but does no damage.
The ball python constricts you.
Unknown command.
You feel clever all of a sudden.
The jackal bites you but does no damage.
The ball python barely misses you. The ball python constricts you.
The jackal bites you but does no damage.
You completely miss the ball python. The jackal barely misses you.
The ball python bites you but does no damage.
The ball python constricts you.
The ball python bites you but does no damage.
The ball python constricts you.
* * * LOW HITPOINT WARNING * * *
The jackal bites you.
You die...

.#.......###..# #.#
.##.####......# ##.. #
#.# ##......### ...
###.###..###....##.## #
..#.##..###.........#..
#.#.#..###..###...#...#
#...#.........#.....#
#...#.######.....##
#.#...####...#..@†#
#....##....####S†h#
........#### #.....#
#...#..## ##.#.....
#.####.### ..#.#....
#.# #...######....##...
#.# ###...........# ...
#.# #######..... .. #.#


You could see a jackal and a ball python.

Vanquished Creatures
  A bat (D:1)
  An endoplasm (D:1)
  2 giant cockroaches (D:1)
  A jackal (D:1)
  A quokka (D:1)
6 creatures vanquished.

Notes
Turn   | Place    | Note
-------+----------+-------------------------------------------
     0 | D:1      | Citaku the Human Wanderer began the quest for the Orb.
     0 | D:1      | Citaku set off with the following items: a +0 club, a +0
                  | helmet, a potion of brilliance, a +0 robe, a wand of
                  | mindburst (10); and the following spell memorised: Beastly
                  | Appendage; and the following spells available to memorise:
                  | Ignite Poison.
     0 | D:1      | Reached XP level 1. HP: 15/15 MP: 2/2
   280 | D:1      | Reached XP level 2. HP: 12/21 MP: 3/3
   283 | D:1      | HP: 1/21 [ball python (2)]
   286 | D:1      | Slain by a jackal

Illustrated notes

Levels and vault maps discovered:
D:1:      nzn_arrival_depleted_hourglass, layout_rooms, minmay_ruptured

Action                   || total
-------------------------++-------
Melee: Club              ||    39
  Use: Potion            ||     2
Armor: Robe              ||    43
Dodge: Dodged            ||    79

Table legend: (Time is in decaauts)
 A = Elapsed time spent in this place.
 B = Non-inter-level travel time spent in this place.
 C = Inter-level travel time spent in this place.
 D = Time resting spent in this place.
 E = Time spent auto-exploring this place.
 F = Levels seen in this place.
 G = Mean time per level.
                   A        B        C        D        E       F      G
               +--------+--------+--------+--------+--------+-----+--------+
         Total |    297 |    297 |      0 |      0 |    151 |   1 |  297.0 |
       Dungeon |    297 |    297 |      0 |      0 |    151 |   1 |  297.0 |
               +--------+--------+--------+--------+--------+-----+--------+

Top non-repeatable levels by time:
     D:1: 297 daAuts
